[Event "2nd Irena Warakomska Memorial-B"]
[Site "Suwalki"]
[Date "2018.08.02"]
[Round "2"]
[White "Kaminski, Maciej"]
[Black "Kindler, Przemyslaw"]
[Result "1/2-1/2"]
[ECO "B07"]
[WhiteElo "1955"]
[BlackElo "2086"]
[Annotator "NA RC"]
[PlyCount "104"]
[EventDate "2018.08.01"]
[EventType "swiss"]
[EventCountry "POL"]
[SourceTitle "playchess.com"]
[Source "ChessBase"]
[SourceQuality "1"]
[TimeControl "40/5400+30:1800+30"]

1. e4 d6 2. d4 Nf6 3. Nc3 Nbd7 4. g4 h6 5. h3 e5 6. Nge2 g6 7. Be3 c6 8. Bg2 h5 9. g5 Nh7 10. Qd2 Be7 11. h4 f6 12. f4 exf4 13. Nxf4 Ndf8 14. gxf6 Nxf6 15. Bf2 Ng4 16. d5 c5 17. O-O-O g5 18. hxg5 Bxg5 19. Rdf1 Ng6 20. Nce2 Nxf4 21. Nxf4 Rf8 22. Bg3 h4 23. Bxh4 Bxh4 24. Ng6 Rxf1+ 25. Rxf1 Bf6 26. Kb1 Qc7 27. Nf4 Qb6 28. c3 Bd7 29. Ne6 Bxe6 30. dxe6 Be7 31. Rf7 Qc7 32. Qg5 Bxg5 33. Rxc7 Be7 34. e5 Nxe5 35. Bxb7 Rb8 36. Ba6 Kf8 37. Rxa7 Nc6 38. Rc7 Rb6 39. Bb7 Ne5 40. Bd5 Nd3 41. b3 Nf4 42. c4 Ne2 43. Kc2 Nd4+ 44. Kc3 Ra6 45. Rc8+ Kg7 46. Kb2 Rb6 47. Kc3 Kf6 48. Rh8 Kg6 49. Re8 Kf6 50. Rh8 Kg7 51. Re8 Kf6 52. Rh8 Ke5 1/2-1/2

[Event "2nd Irena Warakomska Memorial-B"]
[Site "Suwalki"]
[Date "2018.08.02"]
[Round "2"]
[White "Marinc, Damir"]
[Black "Zurkowski, Andrzej"]
[Result "0-1"]
[ECO "A46"]
[WhiteElo "1931"]
[BlackElo "2076"]
[Annotator "NA"]
[PlyCount "102"]
[EventDate "2018.08.01"]
[EventType "swiss"]
[EventCountry "POL"]
[SourceTitle "playchess.com"]
[Source "ChessBase"]
[SourceQuality "1"]
[TimeControl "40/5400+30:1800+30"]

1. d4 Nf6 2. Nf3 d6 3. Bf4 Nbd7 4. h3 g6 5. Nbd2 c5 6. e3 Bg7 7. Bc4 O-O 8. c3 Ne8 9. Bg5 Nc7 10. a4 b6 11. Qe2 a6 12. O-O Rb8 13. Nh2 h6 14. Bh4 b5 15. axb5 axb5 16. Bd3 g5 17. Bg3 e5 18. dxc5 dxc5 19. f4 c4 20. Bf5 Nc5 21. fxe5 Bxf5 22. Rxf5 Qd7 23. Raf1 Rbd8 24. R1f2 Nd3 25. Ng4 Nxf2 26. Rxf2 Qd3 27. Qf3 Kh8 28. Nf6 Nd5 29. Nf1 Bxf6 30. exf6 Rfe8 31. Qh5 Qh7 32. Qf3 Qg6 33. Rd2 Qxf6 34. Qxf6+ Nxf6 35. Be5 Kg7 36. Bd4 Kg6 37. Ng3 Ne4 38. Nxe4 Rxe4 39. g4 Rd5 40. Rf2 f5 41. Rg2 h5 42. gxh5+ Kxh5 43. Kf2 Rh4 44. Rg3 f4 45. Rf3 Kg6 46. e4 Rd7 47. Kg2 Re7 48. e5 Kf5 49. Rf1 Reh7 50. Re1 Rxh3 51. e6 Rg3+ 0-1

[Event "2nd Irena Warakomska Memorial-B"]
[Site "Suwalki"]
[Date "2018.08.02"]
[Round "2"]
[White "Piekielny, Pawel"]
[Black "Kowalec, Maciej"]
[Result "0-1"]
[ECO "B07"]
[WhiteElo "1918"]
[BlackElo "2065"]
[Annotator "NA RC"]
[PlyCount "74"]
[EventDate "2018.08.01"]
[EventType "swiss"]
[EventCountry "POL"]
[SourceTitle "playchess.com"]
[Source "ChessBase"]
[SourceQuality "1"]
[TimeControl "40/5400+30:1800+30"]

1. e4 d6 2. d4 Nf6 3. Nc3 g6 4. Bg5 Bg7 5. Qd2 c6 6. f4 b5 7. Bd3 Qb6 8. Nf3 Bg4 9. e5 Bxf3 10. gxf3 dxe5 11. fxe5 Nfd7 12. Be3 Qc7 13. Be4 a6 14. f4 e6 15. Qg2 Nb6 16. Bd3 Bf8 17. h4 h5 18. Ne4 Nd5 19. Bd2 Nd7 20. Qg3 c5 21. dxc5 Nxc5 22. Nxc5 Bxc5 23. O-O-O O-O-O 24. Be4 Rd7 25. Bxd5 Rxd5 26. Be3 Rhd8 27. Rxd5 Rxd5 28. Rd1 Bxe3+ 29. Qxe3 Rxd1+ 30. Kxd1 Qd8+ 31. Qd2 Qxh4 32. Qc3+ Kd7 33. Qd4+ Ke8 34. Qc5 Qh1+ 35. Ke2 Qe4+ 36. Kf2 Qxf4+ 37. Ke2 Qc4+ 0-1

[Event "2nd Irena Warakomska Memorial-B"]
[Site "Suwalki"]
[Date "2018.08.02"]
[Round "2"]
[White "Flis, Pawel"]
[Black "Wolagiewicz, Kinga"]
[Result "1/2-1/2"]
[ECO "A07"]
[WhiteElo "1905"]
[BlackElo "1702"]
[Annotator "NA RC"]
[PlyCount "85"]
[EventDate "2018.08.01"]
[EventType "swiss"]
[EventCountry "POL"]
[SourceTitle "playchess.com"]
[Source "ChessBase"]
[SourceQuality "1"]
[TimeControl "40/5400+30:1800+30"]

1. Nf3 c6 2. g3 d5 3. Bg2 Nf6 4. O-O Bg4 5. d3 g6 6. c4 Bg7 7. cxd5 Nxd5 8. Qb3 Qc8 9. Nc3 Nb6 10. Be3 N8d7 11. a4 Be6 12. Qb4 Nd5 13. Nxd5 Bxd5 14. Rac1 a5 15. Qd2 O-O 16. Bh6 Bxf3 17. Bxf3 Ne5 18. Bg2 Bxh6 19. Qxh6 Ng4 20. Qg5 f6 21. Qc5 Qe6 22. Bh3 f5 23. Bxg4 fxg4 24. Qc4 Rf6 25. e3 h5 26. Rfd1 Raf8 27. Rd2 Kg7 28. Qxe6 Rxe6 29. Rc4 Rf5 30. Rdc2 Rd5 31. d4 Red6 32. Rc5 Kf6 33. Kg2 e5 34. dxe5+ Kxe5 35. h3 gxh3+ 36. Kxh3 g5 37. Kg2 g4 38. Kf1 Rxc5 39. Rxc5+ Rd5 40. Rc2 Kd6 41. Ke2 b5 42. axb5 cxb5 43. f4 1/2-1/2

[Event "2nd Irena Warakomska Memorial-B"]
[Site "Suwalki"]
[Date "2018.08.02"]
[Round "2"]
[White "Zolkiewski, Jakub"]
[Black "Rokita, Miroslaw"]
[Result "1-0"]
[ECO "E85"]
[WhiteElo "1894"]
[BlackElo "1691"]
[Annotator "NA RC"]
[PlyCount "120"]
[EventDate "2018.08.01"]
[EventType "swiss"]
[EventCountry "POL"]
[SourceTitle "playchess.com"]
[Source "ChessBase"]
[SourceQuality "1"]
[TimeControl "40/5400+30:1800+30"]

1. d4 Nf6 2. c4 g6 3. Nc3 Bg7 4. e4 d6 5. f3 O-O 6. Be3 Nc6 7. Qd2 e5 8. Nge2 exd4 9. Nxd4 Bd7 10. O-O-O a6 11. Kb1 Rb8 12. Nd5 Nxd5 13. cxd5 Ne5 14. Rc1 c5 15. dxc6 bxc6 16. Bg5 Qb6 17. Nb3 Be6 18. Bh6 Bxh6 19. Qxh6 a5 20. Qd2 c5 21. Qxa5 Bxb3 22. Qxb6 Bxa2+ 23. Kxa2 Rxb6 24. Be2 Rfb8 25. Rc2 Nc6 26. Kb1 Kf8 27. Bc4 Ke7 28. Rd2 f6 29. Re1 Rb4 30. Bd5 Nd4 31. Re3 Ra4 32. Rdd3 Rb6 33. Ra3 Rba6 34. Rxa4 Rxa4 35. Ra3 Rxa3 36. bxa3 Kd7 37. Kb2 Kc7 38. Bf7 g5 39. Kc3 Ne2+ 40. Kd2 Nd4 41. Kd3 Nc6 42. Ke3 Ne5 43. Bd5 Ng6 44. g3 Ne7 45. Bf7 Kb6 46. Be8 Kc7 47. f4 h6 48. Bf7 Nc6 49. Kd3 Nd4 50. Kc4 Nc2 51. Kb3 Ne3 52. Bc4 Ng4 53. h4 gxh4 54. gxh4 Nf2 55. Bd5 Nd3 56. f5 Kb6 57. Kc3 Ne5 58. h5 Kb5 59. Bb3 c4 60. Bd1 Nc6 1-0

[Event "2nd Irena Warakomska Memorial-B"]
[Site "Suwalki"]
[Date "2018.08.02"]
[Round "2"]
[White "Cap, Piotr"]
[Black "Czarniecka, Aleksandra"]
[Result "1-0"]
[ECO "E62"]
[WhiteElo "1877"]
[BlackElo "1980"]
[Annotator "NA RC"]
[PlyCount "89"]
[EventDate "2018.08.01"]
[EventType "swiss"]
[EventCountry "POL"]
[SourceTitle "playchess.com"]
[Source "ChessBase"]
[SourceQuality "1"]
[TimeControl "40/5400+30:1800+30"]

1. d4 Nf6 2. Nf3 g6 3. g3 Bg7 4. Bg2 O-O 5. O-O d6 6. c4 Nc6 7. Nc3 e5 8. d5 Nb8 9. e4 a5 10. Bg5 Na6 11. Qd2 Qe8 12. Ne1 Nc5 13. Bxf6 Bxf6 14. Nd3 b6 15. Nxc5 bxc5 16. Nb5 Qe7 17. Qe2 h5 18. Rac1 h4 19. Rc3 Kg7 20. Bf3 Qd7 21. Bg2 Rh8 22. h3 hxg3 23. fxg3 Bg5 24. Rcf3 Rf8 25. Kh2 a4 26. R1f2 Ba6 27. Na3 Rab8 28. h4 Bh6 29. Bh3 Qe8 30. Qf1 Kg8 31. h5 Bc8 32. Bxc8 Qxc8 33. hxg6 fxg6 34. Rxf8+ Bxf8 35. Nb5 Qg4 36. Qe2 Qd7 37. Qe3 Qh7+ 38. Kg2 Bh6 39. Qf3 Rf8 40. Qg4 Rxf2+ 41. Kxf2 Qf7+ 42. Kg2 Bf8 43. Qc8 Qe7 44. Nxc7 Qg5 45. Qxf8+ 1-0

[Event "2nd Irena Warakomska Memorial-B"]
[Site "Suwalki"]
[Date "2018.08.02"]
[Round "2"]
[White "Bartoszewicz, Marcin"]
[Black "Choinska, Debora"]
[Result "1-0"]
[ECO "C42"]
[WhiteElo "1854"]
[BlackElo "1624"]
[Annotator "NA RC"]
[PlyCount "87"]
[EventDate "2018.08.01"]
[EventType "swiss"]
[EventCountry "POL"]
[SourceTitle "playchess.com"]
[Source "ChessBase"]
[SourceQuality "1"]
[TimeControl "40/5400+30:1800+30"]

1. e4 e5 2. Nf3 Nf6 3. Nxe5 d6 4. Nf3 Nxe4 5. d4 d5 6. Bd3 Be7 7. O-O Nc6 8. Re1 Bf5 9. c4 Nb4 10. Bf1 dxc4 11. Bxc4 O-O 12. Na3 Nd6 13. Bf1 Nd5 14. h3 Bf6 15. Ne5 Re8 16. Qf3 c6 17. Nac4 Bg6 18. Bd2 Nxc4 19. Bxc4 Nb6 20. Ba5 Qxd4 21. Bc3 Qc5 22. b4 Qf8 23. Nxg6 hxg6 24. Bb3 Bxc3 25. Qxc3 Rad8 26. Qf3 Nd5 27. b5 Qb4 28. Rxe8+ Rxe8 29. bxc6 bxc6 30. Rd1 Re1+ 31. Kh2 Rxd1 32. Qxd1 Qf4+ 33. Kg1 Qg5 34. g3 Qh5 35. Qd4 Qxh3 36. Qxa7 Qf5 37. Qa8+ Kh7 38. Qxc6 Ne7 39. Qb7 Qf6 40. a4 Kg8 41. a5 Nf5 42. Qxf7+ Qxf7 43. Bxf7+ Kxf7 44. a6 1-0

[Event "2nd Irena Warakomska Memorial-B"]
[Site "Suwalki"]
[Date "2018.08.02"]
[Round "2"]
[White "Milchenko, Valerii"]
[Black "Wielgus, Wojciech"]
[Result "1-0"]
[ECO "C84"]
[WhiteElo "1797"]
[BlackElo "1605"]
[Annotator "NA RC"]
[PlyCount "91"]
[EventDate "2018.08.01"]
[EventType "swiss"]
[EventCountry "POL"]
[SourceTitle "playchess.com"]
[Source "ChessBase"]
[SourceQuality "1"]
[TimeControl "40/5400+30:1800+30"]

1. e4 e5 2. Nf3 Nc6 3. Bb5 a6 4. Ba4 Nf6 5. O-O Be7 6. Nc3 b5 7. Bb3 O-O 8. d3 d6 9. h3 Bb7 10. a3 Qd7 11. Bg5 h6 12. Bxf6 Bxf6 13. Bd5 Rfe8 14. Ne2 Nd8 15. Ng3 c6 16. Bb3 Ne6 17. Nh2 Rad8 18. Ng4 Bg5 19. Nf5 Kh7 20. h4 Be7 21. g3 h5 22. Nh2 g6 23. Ne3 Kg7 24. Ng2 d5 25. f4 dxe4 26. f5 Qd4+ 27. Kh1 Nc5 28. fxg6 fxg6 29. Rf7+ Kh8 30. Qd2 e3 31. Qxe3 Qxe3 32. Nxe3 Nxb3 33. cxb3 Rxd3 34. Nhf1 c5+ 35. Kg1 Rxb3 36. Rd1 Bc6 37. Nd5 Bxd5 38. Rxd5 Bf8 39. Rdd7 Rxb2 40. Ne3 Rb3 41. Nd5 Be7 42. Nxe7 Rxg3+ 43. Kh2 Rg4 44. Kh3 g5 45. Ng6+ Kg8 46. Rg7# 1-0

[Event "2nd Irena Warakomska Memorial-B"]
[Site "Suwalki"]
[Date "2018.08.02"]
[Round "2"]
[White "Wloch, Mikolaj"]
[Black "Gawronski, Miroslaw"]
[Result "0-1"]
[ECO "B43"]
[WhiteElo "1772"]
[BlackElo "2026"]
[Annotator "NA RC"]
[PlyCount "68"]
[EventDate "2018.08.01"]
[EventType "swiss"]
[EventCountry "POL"]
[SourceTitle "playchess.com"]
[Source "ChessBase"]
[SourceQuality "1"]
[TimeControl "40/5400+30:1800+30"]

1. e4 c5 2. Nf3 e6 3. d4 cxd4 4. Nxd4 a6 5. Nc3 Qc7 6. a3 b5 7. Be2 Bb7 8. O-O Nf6 9. Bf3 d6 10. Re1 Nbd7 11. g3 Rc8 12. Bg2 Be7 13. f4 Nb6 14. Nb3 Nc4 15. Qe2 h5 16. Nd2 Qb6+ 17. Kh1 Ng4 18. Nxc4 Rxc4 19. Be3 Nxe3 20. Qxe3 Qc7 21. Rad1 O-O 22. Qf3 g6 23. g4 hxg4 24. Qxg4 Bf6 25. Re3 Bxc3 26. Rxc3 Rxc3 27. bxc3 Qc4 28. Rxd6 Bxe4 29. Bxe4 Qxe4+ 30. Kg1 Qe1+ 31. Kg2 Qxc3 32. Rxa6 Rd8 33. Qh4 Rd2+ 34. Kh1 Qf3+ 0-1

[Event "2nd Irena Warakomska Memorial-B"]
[Site "Suwalki"]
[Date "2018.08.02"]
[Round "2"]
[White "Plesiuk, Jan"]
[Black "Halas, Przemyslaw"]
[Result "0-1"]
[ECO "A45"]
[WhiteElo "1732"]
[BlackElo "1964"]
[Annotator "NA RC"]
[PlyCount "66"]
[EventDate "2018.08.01"]
[EventType "swiss"]
[EventCountry "POL"]
[SourceTitle "playchess.com"]
[Source "ChessBase"]
[SourceQuality "1"]
[TimeControl "40/5400+30:1800+30"]

1. d4 Nf6 2. Bf4 d6 3. e3 g6 4. c3 Bg7 5. Nd2 O-O 6. Bd3 Nbd7 7. Ngf3 Re8 8. Qc2 c6 9. h3 e5 10. dxe5 Nxe5 11. Nxe5 dxe5 12. Bg5 Qc7 13. e4 Be6 14. Bc4 Rad8 15. O-O-O Rxd2 16. Qxd2 Nxe4 17. Bd8 Nxd2 18. Bxc7 Nxc4 19. Rd8 Rxd8 20. Bxd8 f5 21. Rd1 e4 22. Bg5 h6 23. Rd8+ Kf7 24. Be3 Nxe3 25. fxe3 Be5 26. Kc2 Ke7 27. Rd1 Bc4 28. b3 Bd3+ 29. Kd2 g5 30. c4 Ke6 31. Rg1 f4 32. a4 Bd6 33. exf4 Bb4+ 0-1

[Event "2nd Irena Warakomska Memorial-B"]
[Site "Suwalki"]
[Date "2018.08.02"]
[Round "2"]
[White "Tylenda, Krzysztof"]
[Black "Mazalon, Mariusz"]
[Result "1/2-1/2"]
[ECO "B07"]
[WhiteElo "1706"]
[BlackElo "2055"]
[Annotator "NA RC"]
[PlyCount "87"]
[EventDate "2018.08.01"]
[EventType "swiss"]
[EventCountry "POL"]
[SourceTitle "playchess.com"]
[Source "ChessBase"]
[SourceQuality "1"]
[TimeControl "40/5400+30:1800+30"]

1. e4 g6 2. Nc3 Bg7 3. Nge2 d6 4. d4 Nf6 5. f3 c6 6. Be3 Nbd7 7. Qd2 b5 8. Bh6 Bxh6 9. Qxh6 Qc7 10. Ng3 Bb7 11. Bd3 O-O-O 12. d5 cxd5 13. Nxb5 Qb6 14. O-O-O Nc5 15. Nc3 d4 16. Nb1 Na4 17. b3 Nc3 18. Nxc3 dxc3 19. Bc4 Qa5 20. Kb1 Kb8 21. Bxf7 Rc8 22. Rd4 g5 23. Ka1 Rc6 24. Nf5 Qe5 25. Qxg5 e6 26. f4 Nxe4 27. Qg8+ Rxg8 28. fxe5 dxe5 29. Rxe4 exf5 30. Rxe5 Rxg2 31. Bd5 Rxc2 32. Bxc6 Bxc6 33. Rg1 Kc7 34. Rxf5 Be4 35. Rf4 Re2 36. Rc1 c2 37. Kb2 Kd6 38. Rxe4 Rxe4 39. Rxc2 a5 40. Kc3 h5 41. Rg2 Rh4 42. a3 Kc6 43. a4 Kb6 44. Kb2 1/2-1/2

[Event "2nd Irena Warakomska Memorial-B"]
[Site "Suwalki"]
[Date "2018.08.02"]
[Round "2"]
[White "Zielinski, Konrad"]
[Black "Dryja, Szymon"]
[Result "1/2-1/2"]
[ECO "B21"]
[WhiteElo "1696"]
[BlackElo "1878"]
[Annotator "NA RC"]
[PlyCount "90"]
[EventDate "2018.08.01"]
[EventType "swiss"]
[EventCountry "POL"]
[SourceTitle "playchess.com"]
[Source "ChessBase"]
[SourceQuality "1"]
[TimeControl "40/5400+30:1800+30"]

1. e4 c5 2. d4 cxd4 3. c3 dxc3 4. Nxc3 Nc6 5. Nf3 e6 6. Bc4 d6 7. O-O Nf6 8. Qe2 Be7 9. Rd1 Qc7 10. Bf4 e5 11. Be3 O-O 12. Rac1 a6 13. h3 Qd8 14. Bd5 Be6 15. Bxc6 bxc6 16. Nxe5 Qc8 17. Nc4 Bxc4 18. Qxc4 Qb7 19. b3 Rad8 20. Na4 c5 21. Nc3 Rfe8 22. Nd5 Nxd5 23. Rxd5 h6 24. Rcd1 Qb5 25. Qxb5 axb5 26. Bf4 Ra8 27. R1d2 Red8 28. e5 dxe5 29. Rxd8+ Rxd8 30. Rxd8+ Bxd8 31. Bxe5 Be7 32. Kf1 f6 33. Bc7 Kf7 34. Ke2 Ke6 35. a4 bxa4 36. bxa4 c4 37. Ba5 Kd5 38. Bc3 Ba3 39. f3 Bc5 40. Kd2 h5 41. g4 hxg4 42. hxg4 Ke6 43. g5 Kf5 44. gxf6 gxf6 45. Bxf6 Kxf6 1/2-1/2

[Event "2nd Irena Warakomska Memorial-B"]
[Site "Suwalki"]
[Date "2018.08.02"]
[Round "2"]
[White "Blasiak, Miroslaw"]
[Black "Kumanovskiy, Evgeny"]
[Result "0-1"]
[ECO "B15"]
[WhiteElo "1683"]
[BlackElo "2084"]
[Annotator "NA RC"]
[PlyCount "118"]
[EventDate "2018.08.01"]
[EventType "swiss"]
[EventCountry "POL"]
[SourceTitle "playchess.com"]
[Source "ChessBase"]
[SourceQuality "1"]
[TimeControl "40/5400+30:1800+30"]

1. e4 g6 2. d4 Bg7 3. Nc3 c6 4. Nf3 d5 5. h3 dxe4 6. Nxe4 Nd7 7. Bc4 Ndf6 8. Nxf6+ Nxf6 9. Bf4 O-O 10. O-O Bf5 11. Re1 Be4 12. c3 e6 13. Ne5 Bd5 14. Bd3 b5 15. b3 Nh5 16. Bh2 Qg5 17. Qg4 Qd2 18. c4 Bxe5 19. Rxe5 Qxd3 20. cxd5 Nf6 21. Qf4 Nxd5 22. Qh6 Qxd4 23. Rae1 Ne7 24. g4 Rad8 25. Bg3 Rd5 26. Rxd5 Qxd5 27. Re5 Qd7 28. Bh4 f6 29. Re1 Nd5 30. Qd2 e5 31. Bg3 Re8 32. Kh2 g5 33. f3 Rd8 34. Rd1 Nb6 35. Qxd7 Rxd7 36. Rc1 Rd6 37. h4 h6 38. hxg5 hxg5 39. Bf2 Kf7 40. Bc5 Rd2+ 41. Kg3 Rxa2 42. Bxb6 axb6 43. Rxc6 Rb2 44. Rxb6 Rxb3 45. Kg2 b4 46. Kf2 Rb1 47. Kg2 b3 48. Kf2 b2 49. Kg2 Ke7 50. Rb8 Kd6 51. Rb7 Kd5 52. Rb4 Kc5 53. Rb8 Kd4 54. Rb7 Kd3 55. Rd7+ Ke3 56. Rb7 Rd1 57. Rb3+ Rd3 58. Rb4 Rd2+ 59. Kg3 Kd3 0-1

[Event "2nd Irena Warakomska Memorial-B"]
[Site "Suwalki"]
[Date "2018.08.02"]
[Round "2"]
[White "Mazurek, Jerzy"]
[Black "Nikitin, Aleksander I"]
[Result "1/2-1/2"]
[ECO "B01"]
[WhiteElo "1662"]
[BlackElo "2036"]
[Annotator "NA RC"]
[PlyCount "153"]
[EventDate "2018.08.01"]
[EventType "swiss"]
[EventCountry "POL"]
[SourceTitle "playchess.com"]
[Source "ChessBase"]
[SourceQuality "1"]
[TimeControl "40/5400+30:1800+30"]

1. e4 d5 2. exd5 Qxd5 3. Nc3 Qd6 4. d4 Nf6 5. Nf3 a6 6. g3 b5 7. Bg2 Bb7 8. O-O e6 9. Ne5 c6 10. Bf4 Qd8 11. Re1 Be7 12. Qe2 O-O 13. Rad1 Qb6 14. Be3 Qc7 15. Nd3 Nbd7 16. Nc5 Rad8 17. Bf4 Qb6 18. b4 Nd5 19. Nxd5 cxd5 20. c3 Rfe8 21. Bh3 Bf6 22. Qd2 Bc6 23. Re2 a5 24. a3 Ra8 25. Rde1 Nf8 26. Bg5 Bxg5 27. Qxg5 axb4 28. axb4 Ra3 29. Re3 Qc7 30. f4 h6 31. Qh5 Nh7 32. f5 Nf6 33. Qf3 exf5 34. Bxf5 Raa8 35. R1e2 Ra1+ 36. Kg2 Raa8 37. h4 Rxe3 38. Rxe3 Ra2+ 39. Re2 Ra3 40. Qe3 Qd6 41. Qc1 Ra8 42. Qe1 Ra3 43. Rf2 Qd8 44. Rf3 Ra2+ 45. Rf2 Ra3 46. Rf3 Ra7 47. Re3 g6 48. Bd3 Kg7 49. Qe2 Qa8 50. Qf3 h5 51. Re2 Ng4 52. Qf4 Qd8 53. Bc2 Ra3 54. Bb3 Ra1 55. Re6 Ba8 56. Re2 Rb1 57. Ba2 Ra1 58. Bb3 Rb1 59. Ba2 Ra1 60. Bb3 Kg8 61. Qg5 Qd6 62. Qf4 Qd8 63. Qg5 Qd6 64. Ra2 Rxa2+ 65. Bxa2 Kg7 66. Bb3 Bc6 67. Nd3 Qe6 68. Nf4 Qe4+ 69. Kf1 Ne3+ 70. Kf2 Ng4+ 71. Kf1 Qb1+ 72. Ke2 Qb2+ 73. Kd3 Nf2+ 74. Ke3 Ng4+ 75. Kd3 Nf2+ 76. Ke3 Ng4+ 77. Kd3 1/2-1/2

[Event "2nd Irena Warakomska Memorial-B"]
[Site "Suwalki"]
[Date "2018.08.02"]
[Round "2"]
[White "Haliniak, Wojciech"]
[Black "Duda, Lukasz"]
[Result "1-0"]
[ECO "C33"]
[WhiteElo "1630"]
[BlackElo "1874"]
[Annotator "NA RC"]
[PlyCount "83"]
[EventDate "2018.08.01"]
[EventType "swiss"]
[EventCountry "POL"]
[SourceTitle "playchess.com"]
[Source "ChessBase"]
[SourceQuality "1"]
[TimeControl "40/5400+30:1800+30"]

1. e4 e5 2. f4 exf4 3. Bc4 Qh4+ 4. Kf1 d6 5. Nf3 Qh6 6. d4 Nf6 7. Nc3 Be6 8. d5 Bg4 9. Nb5 Kd8 10. e5 Ne4 11. Qe2 Ng3+ 12. hxg3 Qxh1+ 13. Kf2 dxe5 14. Qxe5 Bc5+ 15. Nfd4 Bxd4+ 16. Qxd4 Qd1 17. Qxd1 Bxd1 18. Bxf4 Bxc2 19. Nxc7 f6 20. Nxa8 Nd7 21. Nc7 g5 22. Ne6+ Ke8 23. Be3 a6 24. Rc1 Bf5 25. Bxa6 Ke7 26. Bxb7 Rb8 27. Nc5 Ne5 28. b3 Kd6 29. Bc6 h5 30. a4 h4 31. a5 hxg3+ 32. Kxg3 Nd3 33. Nxd3 Bxd3 34. Bc5+ Ke5 35. b4 f5 36. Re1+ Be4 37. a6 g4 38. a7 f4+ 39. Kf2 g3+ 40. Ke2 Ra8 41. Bxa8 Bxg2 42. Kd3+ 1-0

[Event "2nd Irena Warakomska Memorial-B"]
[Site "Suwalki"]
[Date "2018.08.02"]
[Round "2"]
[White "Paszkowski, Krystian"]
[Black "Bury, Gleb Maximovich"]
[Result "0-1"]
[ECO "A36"]
[WhiteElo "1609"]
[BlackElo "1928"]
[Annotator "NA RC"]
[PlyCount "82"]
[EventDate "2018.08.01"]
[EventType "swiss"]
[EventCountry "POL"]
[SourceTitle "playchess.com"]
[Source "ChessBase"]
[SourceQuality "1"]
[TimeControl "40/5400+30:1800+30"]

1. c4 g6 2. g3 Bg7 3. Bg2 Nf6 4. Nc3 O-O 5. e4 e5 6. Nge2 d6 7. O-O Be6 8. d3 c5 9. h3 Nc6 10. Be3 Rb8 11. Qd2 Nd4 12. Kh2 a6 13. Bh6 b5 14. Bxg7 Kxg7 15. b3 Qa5 16. Rad1 Nd7 17. Nxd4 cxd4 18. Ne2 Qxd2 19. Rxd2 bxc4 20. dxc4 a5 21. f4 f6 22. f5 Bf7 23. fxg6 hxg6 24. Nc1 a4 25. Rc2 Nc5 26. bxa4 Rb4 27. Nb3 Rxa4 28. Nxc5 dxc5 29. Ra1 Rb8 30. Bf1 Ra3 31. Rd1 Be8 32. Rd3 Ra4 33. Rdd2 Bc6 34. Bd3 Ra3 35. Rc1 Rba8 36. Bb1 Re3 37. Rb2 Bxe4 38. Bxe4 Rxe4 39. h4 d3 40. Rb7+ Kh6 41. Rd7 Rd4 0-1

[Event "2nd Irena Warakomska Memorial-B"]
[Site "Suwalki"]
[Date "2018.08.02"]
[Round "2"]
[White "Huchwajda, Grzegorz"]
[Black "Zianowicz, Dominik"]
[Result "0-1"]
[ECO "B12"]
[WhiteElo "1531"]
[BlackElo "1950"]
[Annotator "NA RC"]
[PlyCount "76"]
[EventDate "2018.08.01"]
[EventType "swiss"]
[EventCountry "POL"]
[SourceTitle "playchess.com"]
[Source "ChessBase"]
[SourceQuality "1"]
[TimeControl "40/5400+30:1800+30"]

1. e4 c6 2. d4 d5 3. e5 Bf5 4. g4 Bc8 5. Nc3 e6 6. Be3 Nd7 7. a3 c5 8. Nf3 a6 9. Be2 Ne7 10. dxc5 Nc6 11. b4 Ncxe5 12. Nxe5 Nxe5 13. Bf4 Ng6 14. Bg3 Be7 15. Rb1 Bd7 16. O-O O-O 17. Bf3 b6 18. cxb6 Qxb6 19. Ne2 Rac8 20. Qd4 Qxd4 21. Nxd4 Ba4 22. Bd1 Rc3 23. Nb3 Bb5 24. Re1 Rd8 25. Be2 Bxe2 26. Rxe2 Rdc8 27. Rb2 Nf8 28. Be5 R3c4 29. h3 f6 30. Bh2 e5 31. f3 Kf7 32. Ra2 g5 33. Nc1 Ne6 34. Nb3 Bd8 35. Kg2 Bb6 36. Rd2 d4 37. Re2 Rc3 38. a4 d3 0-1

[Event "2nd Irena Warakomska Memorial-B"]
[Site "Suwalki"]
[Date "2018.08.02"]
[Round "2"]
[White "Warchol, Kamil"]
[Black "Szalko, Maciej"]
[Result "0-1"]
[ECO "B04"]
[WhiteElo "1492"]
[BlackElo "1850"]
[Annotator "NA RC"]
[PlyCount "108"]
[EventDate "2018.08.01"]
[EventType "swiss"]
[EventCountry "POL"]
[SourceTitle "playchess.com"]
[Source "ChessBase"]
[SourceQuality "1"]
[TimeControl "40/5400+30:1800+30"]

1. e4 Nf6 2. e5 Nd5 3. c4 Nb6 4. d4 d6 5. exd6 cxd6 6. Nc3 g6 7. Nf3 Bg7 8. h3 O-O 9. b3 e5 10. Be3 f5 11. dxe5 dxe5 12. Bg5 Qe8 13. Nb5 Na6 14. Nd6 Qe6 15. Be3 e4 16. Nh2 Bxa1 17. Qxa1 Qxd6 18. Bh6 Qf6 19. Qc1 Re8 20. c5 Nd5 21. Bc4 Be6 22. c6 Nab4 23. cxb7 Rab8 24. O-O Rxb7 25. Qd2 Qc3 26. Bxd5 Nxd5 27. Qe2 Nb4 28. Rc1 Qe5 29. Nf3 Qb5 30. Qxb5 Rxb5 31. Nd4 Rbb8 32. Rc7 a5 33. Rg7+ Kh8 34. Ra7 Nxa2 35. Rxa5 Nb4 36. Ra7 Rbd8 37. Bg5 Rd7 38. Bf6+ Kg8 39. Ra4 Nd5 40. Bg5 Nc3 41. Ra6 Rxd4 42. Bf6 Rd1+ 43. Kh2 Nd5 44. Be5 f4 45. Ra4 e3 46. fxe3 fxe3 47. Bg3 e2 48. Re4 Bf7 49. Rxe8+ Bxe8 50. Bf2 Nf6 51. b4 Ne4 52. Bh4 g5 53. Bxg5 e1=Q 54. Bd2 Qg1# 0-1

[Event "2nd Irena Warakomska Memorial-B"]
[Site "Suwalki"]
[Date "2018.08.03"]
[Round "3"]
[White "Kindler, Przemyslaw"]
[Black "Cap, Piotr"]
[Result "1-0"]
[ECO "B09"]
[WhiteElo "2086"]
[BlackElo "1877"]
[Annotator "NA"]
[PlyCount "47"]
[EventDate "2018.08.01"]
[EventType "swiss"]
[EventCountry "POL"]
[SourceTitle "playchess.com"]
[Source "ChessBase"]
[SourceQuality "1"]
[TimeControl "40/5400+30:1800+30"]

1. e4 d6 2. d4 Nf6 3. Nc3 g6 4. f4 Bg7 5. Nf3 Bg4 6. Be2 c6 7. O-O O-O 8. Be3 Qc7 9. Nd2 Bxe2 10. Qxe2 b5 11. e5 Nfd7 12. Nce4 d5 13. Ng5 h6 14. Nh3 c5 15. Qxb5 Nc6 16. dxc5 d4 17. Bf2 Rab8 18. Qe2 Rxb2 19. Nb3 Nb4 20. Nxd4 Nxc5 21. Rab1 Rxb1 22. Rxb1 Nd5 23. Nb5 Qc8 24. Qc4 1-0

[Event "2nd Irena Warakomska Memorial-B"]
[Site "Suwalki"]
[Date "2018.08.03"]
[Round "3"]
[White "Zurkowski, Andrzej"]
[Black "Rak, Tomasz"]
[Result "0-1"]
[ECO "A01"]
[WhiteElo "2076"]
[BlackElo "2007"]
[Annotator "NA"]
[PlyCount "62"]
[EventDate "2018.08.01"]
[EventType "swiss"]
[EventCountry "POL"]
[SourceTitle "playchess.com"]
[Source "ChessBase"]
[SourceQuality "1"]
[TimeControl "40/5400+30:1800+30"]

1. b3 c5 2. Bb2 Nc6 3. e3 d5 4. Bb5 Bd7 5. f4 a6 6. Bxc6 Bxc6 7. Nf3 Nf6 8. O-O b5 9. Ne5 Bb7 10. d3 Qb6 11. Nd2 e6 12. Ndf3 Be7 13. Qe1 O-O 14. Qg3 Rad8 15. Kh1 d4 16. e4 Nd7 17. Ng4 f5 18. Nf2 Nf6 19. Qh3 fxe4 20. Ng5 e3 21. Nfe4 h6 22. Nxe6 Nxe4 23. dxe4 Bxe4 24. Nxf8 Rxf8 25. c3 Bf6 26. cxd4 cxd4 27. Rfd1 e2 28. Re1 d3 29. Bxf6 Qxf6 30. Qe3 Qxf4 31. Rxe2 Qf1+ 0-1